 Dungeon Crawl Stone Soup version 0.32-a0-22-g6ae6769602 (webtiles) character file.

Game seed: 8350450653889666746

3339356 MrSquiggles the Ruinous (level 27, 218/231 HPs)
             Began as a Demonspawn Fire Elementalist on Jan 15, 2024.
             Was the Champion of Makhleb.
             Escaped with the Orb
             ... and 6 runes on Jan 18, 2024!
             The game lasted 08:23:28 (99407 turns).

MrSquiggles the Ruinous (DsFE)                     Turns: 99407, Time: 08:23:29

Health: 218/231    AC: 12    Str: 15    XL:     27
Magic:  48/50      EV: 26    Int: 33    God:    Makhleb [******]
Gold:   9685       SH:  0    Dex: 26    Spells: 0/64 levels left

rFire   + + +        n - +6 sword of Cerebov {flame}
rCold   + + .        (shield currently unavailable)
rNeg    + . .        z - +3 salamander hide armour {Flames, rFlCloud rF++ rC--}
rPois   +            i - +1 hat "Tegrot" {Rampage rElec rC+}
rElec   +            D - +2 cloak {rC+}
rCorr   .            (gloves unavailable)
SInv    +            X - +0 pair of boots "Poivueh" {^Drain rC+ Dex+7}
Will    ++...        k - amulet of the Four Winds {rN+ Will+++ Clar}
Stlth   ++           u - ring of Lodoe {Wiz +Blink rF+ MP+9 Str+3}
HPRegen 0.58/turn    S - ring "Wukapluo" {rPois rC+ Dex+2 SInv}
MPRegen 0.64/turn

%: clarity, guardian spirit, rampage, wizardry (x1)
@: weak-willed, studying 2 skills
A: thin skeletal structure 3, powered by death 3, magic shield, magic
regeneration, magic link, corrupting presence 2, word of chaos, demonic touch 3,
talons 1, berserk 1, clever 2, clumsy 1, low MP 1, passive freeze, strong 1, no
potion heal 1, subdued magic 2, persistent drain
0: Orb of Zot
}: 6/15 runes: decaying, slimy, silver, magical, fiery, gossamer
a: Word of Chaos, Renounce Religion, Evoke Blink, Minor Destruction, Lesser
Servant of Makhleb, Major Destruction, Greater Servant of Makhleb


You escaped.
You worshipped Makhleb.
Makhleb was exalted by your worship.
You visited 13 branches of the dungeon, and saw 57 of its levels.
You visited Pandemonium 1 time, and saw 4 of its levels.
You visited the Abyss 2 times.
You visited 1 ziggurat, and saw 14 of its levels.
You also visited: Trove, Sewer and Ice Cave.

You collected 13165 gold pieces.
You spent 3480 gold pieces at shops.

Inventory:

Hand Weapons
 n - the +6 sword of Cerebov (weapon) {flame}
   (You took it off Cerebov in Pandemonium)
Missiles
 a - 73 poisoned darts
 P - 6 throwing nets
 Q - 15 curare-tipped darts
Armour
 i - the +1 hat "Tegrot" (worn) {Rampage rElec rC+}
   (You bought it in a shop on level 2 of the Elven Halls)

   rC+:       It protects you from cold.
   rElec:     It insulates you from electricity.
   Rampage:   It bestows one free step when moving towards enemies.
 z - the +3 salamander hide armour (worn) {Flames, rFlCloud rF++ rC--}
   (You found it on level 15 of the Dungeon)

   Flames:    It surrounds you with flame clouds and enhances your fire magic.
   rFlCloud:  It grants immunity to flame clouds.
   rF++:      It greatly protects you from fire.
   rC--:      It makes you very vulnerable to cold.
 D - a +2 cloak of cold resistance (worn)
 X - the +0 pair of boots "Poivueh" (worn) {^Drain rC+ Dex+7}
   (You found it on level 13 of a ziggurat)

   Dex+7:     It affects your dexterity (+7).
   rC+:       It protects you from cold.
   ^Drain:    It drains your maximum health when unequipped.
Jewellery
 k - the amulet of the Four Winds (around neck) {rN+ Will+++ Clar}
   (You found it on level 5 of a ziggurat)

   [amulet of nothing]

   rN+:       It protects you from negative energy.
   Will+++:   It greatly increases your willpower.
   Clar:      It protects you from confusion, rage, mesmerisation and fear.
 u - the ring of Lodoe (left hand) {Wiz +Blink rF+ MP+9 Str+3}
   (You found it on level 3 of the Elven Halls)

   [ring of wizardry]

   Wiz:       It improves your spell success rate.
   Str+3:     It affects your strength (+3).
   rF+:       It protects you from fire.
   MP+9:      It affects your magic capacity (+9).
   +Blink:    It lets you blink.
 v - a ring of see invisible
 S - the ring "Wukapluo" (right hand) {rPois rC+ Dex+2 SInv}
   (You acquired it on level 1 of the Swamp)

   [ring of poison resistance]

   Dex+2:     It affects your dexterity (+2).
   rC+:       It protects you from cold.
   rPois:     It protects you from poison SInv: It lets you see invisible.
 Z - the amulet of Vitality {RegenMP++ Regen++}
   (You found it on level 5 of the Vaults)

   [amulet of magic regeneration]

   RegenMP:   It increases your rate of magic regeneration.
   Regen++:   It increases your rate of health regeneration.
Wands
 j - a wand of roots (46)
 p - a wand of digging (43)
 q - a wand of paralysis (85)
 t - a wand of flame (139)
 L - a wand of light (38)
 R - a wand of mindburst (37)
Scrolls
 b - 10 scrolls of vulnerability
 d - a scroll of revelation
 f - 21 scrolls of teleportation
 o - 5 scrolls of butterflies
 w - 6 scrolls of blinking
 E - 12 scrolls of fog
 F - 8 scrolls of fear
 G - 2 scrolls of amnesia
 J - 5 scrolls of noise
 N - 9 scrolls of poison
 O - 5 scrolls of silence
 U - 14 scrolls of immolation
Potions
 g - 7 potions of might
 h - 19 potions of curing
 l - 5 potions of brilliance
 m - 4 potions of ambrosia
 r - 6 potions of resistance
 s - 11 potions of heal wounds
 x - 2 potions of cancellation
 A - 4 potions of invisibility
 B - 6 potions of lignification
 H - 2 potions of haste
 I - 6 potions of magic
 V - 3 potions of berserk rage
 W - 11 potions of attraction
 Y - 8 potions of enlightenment
Miscellaneous
 c - a box of beasts
 e - a phantom mirror
 y - a condenser vane
 C - a lightning rod (4/4)


   Skills:
 + Level 22.0 Fighting
 - Level 20.0 Long Blades
 - Level 6.0 Armour
 - Level 15.7 Dodging
 - Level 1.7 Stealth
 - Level 19.0 Spellcasting
 - Level 22.7 Conjurations
 - Level 7.4 Hexes
 - Level 3.0 Summonings
 - Level 3.0 Necromancy
 - Level 21.5 Fire Magic
 - Level 7.0 Earth Magic
 - Level 7.3 Alchemy
 - Level 18.0 Invocations
 - Level 6.0 Evocations


You couldn't memorise any spells.
You knew the following spells:

 Your Spells              Type           Power      Damage    Failure   Level
a - Foxfire               Conj/Fire      100%       2x1d9     0%          1
b - Ignition              Fire           52%        3d14      1%          8
c - Lee's Rapid Deconstr  Erth           24%        3d13*     1%          5
d - Spellforged Servitor  Conj/Summ      32%        N/A       1%          7
e - Irradiate             Conj/Alch      34%        3d23      0%          5
f - Dazzling Flash        Conj/Hex       100%       N/A       0%          3
g - Bombard               Conj/Erth      34%        9d6       1%          6
h - Yara's Violent Unrav  Hex/Alch       25%        3d11      1%          5
i - Starburst             Conj/Fire      52%        6d14      0%          6
k - Olgreb's Toxic Radia  Alch           50%        N/A       1%          4
l - Borgnjor's Vile Clut  Necr/Erth      20%        N/A       1%          5
m - Fire Storm            Conj/Fire      52%        8d13      4%          9

Your spell library contained the following spells:

 Spells                   Type           Power      Damage    Failure   Level
 Kiss of Death            Conj/Necr      100%       2d13      0%          1
 Magic Dart               Conj           100%       1d8       0%          1
 Sandblast                Erth           96%        2d20      0%          1
 Shock                    Conj/Air       100%       1d9       0%          1
 Slow                     Hex            100%       N/A       0%          1
 Sting                    Conj/Alch      100%       1d9       0%          1
 Jinxbite                 Hex            100%       N/A       0%          2
 Momentum Strike          Conj/Tloc      100%       3d10      0%          2
 Scorch                   Fire           100%       2d9       0%          2
 Searing Ray              Conj           100%       2d8       0%          2
 Hailstorm                Conj/Ice       61%        3d11      0%          3
 Inner Flame              Hex/Fire       87%        N/A       0%          3
 Mephitic Cloud           Conj/Alch/Air  57%        N/A       0%          3
 Stone Arrow              Conj/Erth      100%       3d13      0%          3
 Volatile Blastmotes      Fire/Tloc      100%       2d18      0%          3
 Brom's Barrelling Bould  Conj/Erth      69%        2d8       0%          4
 Flame Wave               Conj/Fire      100%       2d21      0%          4
 Fulminant Prism          Conj/Alch      34%        3d16      0%          4
 Ignite Poison            Fire/Alch      87%        N/A       0%          4
 Sticky Flame             Fire/Alch      87%        2d13      0%          4
 Summon Blazeheart Golem  Fire/Summ      81%        N/A       0%          4
 Fireball                 Conj/Fire      52%        3d20      0%          5
 Iskenderun's Battlesphe  Conj           85%        2d13      0%          5
 Orb of Destruction       Conj           42%        9d12      0%          7
 Apportation              Tloc           38%        N/A       1%          1
 Freeze                   Ice            76%        1d8       1%          1
 Necrotise                Necr           100%       1d9       1%          1
 Summon Small Mammal      Summ           100%       N/A       1%          1
 Blink                    Tloc           38%        N/A       1%          2
 Call Imp                 Summ           64%        N/A       1%          2
 Cigotuvi's Dreadful Rot  Necr/Alch/Air  66%        N/A       1%          2
 Ensorcelled Hibernation  Hex/Ice        68%        N/A       1%          2
 Lesser Beckoning         Tloc           38%        N/A       1%          2
 Mercury Vapours          Alch/Air       68%        N/A       1%          2
 Confusing Touch          Hex            50%        N/A       1%          3
 Frozen Ramparts          Ice            38%        1d6       1%          3
 Fugue of the Fallen      Necr           32%        N/A       1%          3
 Gell's Gravitas          Tloc           19%        N/A       1%          3
 Ozocubu's Armour         Ice            19%        N/A       1%          3
 Passwall                 Erth           48%        N/A       1%          3
 Sigil of Binding         Hex            50%        N/A       1%          3
 Summon Ice Beast         Ice/Summ       25%        N/A       1%          3
 Swiftness                Air            19%        N/A       1%          3
 Teleport Other           Tloc           19%        N/A       1%          3
 Tukima's Dance           Hex            50%        N/A       1%          3
 Vampiric Draining        Necr           32%        2d8       1%          3
 Anguish                  Hex/Necr       20%        N/A       1%          4
 Animate Armour           Summ/Erth      80%        N/A       1%          4
 Animate Dead             Necr           32%        N/A       1%          4
 Cause Fear               Hex            25%        N/A       1%          4
 Dimensional Bullseye     Hex/Tloc       17%        N/A       1%          4
 Dispel Undead            Necr           32%        3d14      1%          4
 Iskenderun's Mystic Bla  Conj/Tloc      61%        2d13      1%          4
 Leda's Liquefaction      Alch/Erth      24%        N/A       1%          4
 Martyr's Knell           Necr/Summ      32%        N/A       1%          4
 Summon Lightning Spire   Summ/Air       25%        N/A       1%          4
 Alistair's Intoxication  Alch           33%        N/A       1%          5
 Arcjolt                  Conj/Air       30%        1d40      1%          5
 Freezing Cloud           Conj/Ice/Air   25%        6-21      1%          5
 Summon Mana Viper        Hex/Summ       41%        N/A       1%          5
 Conjure Ball Lightning   Conj/Air       30%        3x3d10    1%          6
 Plasma Beam              Fire/Air       38%        2x1d52    1%          6
 Curse of Agony           Necr           32%        N/A       2%          5
 Metabolic Englaciation   Hex/Ice        17%        N/A       2%          5
 Silence                  Hex/Air        17%        N/A       2%          5
 Eringya's Noxious Bog    Alch           25%        4d6       2%          6
 Airstrike                Air            9%         2d(2-18)  3%          4
 Manifold Assault         Tloc           19%        N/A       3%          4
 Passage of Golubria      Tloc           19%        N/A       3%          4
 Vhi's Electric Charge    Tloc/Air       38%        N/A       3%          4
 Summon Forest            Summ/Tloc      12%        N/A       6%          5
 Lehudib's Crystal Spear  Conj/Erth      34%        10d9      6%          8
 Sculpt Simulacrum        Ice/Alch       17%        N/A       13%         6
 Enfeeble                 Hex            25%        N/A       16%         7
 Death Channel            Necr           16%        N/A       19%         6
 Summon Cactus Giant      Summ           16%        N/A       19%         6
 Dispersal                Tloc           9%         N/A       52%         6
 Haunt                    Necr/Summ      16%        N/A       69%         7
 Summon Hydra             Summ           16%        N/A       69%         7
 Discord                  Hex            25%        N/A       77%         8
 Ozocubu's Refrigeration  Ice            9%         4d9       98%         7
 Chain Lightning          Conj/Air       30%        3d40      98%         9
 Borgnjor's Revivificati  Necr           16%        N/A       100%        8
 Disjunction              Tloc           9%         N/A       100%        8
 Death's Door             Necr           16%        N/A       100%        9
 Dragon's Call            Summ           16%        N/A       100%        9
 Shatter                  Erth           24%        3d21*     100%        9


Dungeon Overview and Level Annotations

Branches:
Dungeon (15/15)            Temple (1/1) D:4            Lair (5/5) D:10
  Swamp (4/4) Lair:2       Spider (4/4) Lair:3        Slime (5/5) Lair:4
    Orc (2/2) D:10            Elf (3/3) Orc:2        Vaults (5/5) D:14
  Crypt (3/3) Vaults:2       Tomb (1/3) Crypt:3      Depths (4/4) D:15
    Zot (5/5) Depths:4      Sewer (visited)           IceCv (visited)

Altars:
Ashenzari
Cheibriados
Dithmenos
Fedhas
Gozag
Hepliaklqana
Kikubaaqudgha
Makhleb
Nemelex Xobeh
Okawaru
Qazlal
Ru
Sif Muna
Trog
Uskayaw
Vehumet
Wu Jian
Xom
Yredelemnul
Jiyva
Lugonu

Shops:
D:9 *   Orc:2 *(*?   Elf:1 :[(=*   Elf:2 [   Vaults:1 [   Depths:2 [**

Portals:
Hell: Depths:1 Depths:2 Depths:3 Depths:4
Abyss: Lair:5 Depths:3
Pandemonium: Depths:2 Depths:4

Annotations:
Elf:2 3 runed translucent doors, Roxanne
Vaults:4 3 runed translucent doors, Luiw's ghost, veteran HOBe


Innate Abilities, Weirdness & Mutations

You have an unnaturally thin skeletal structure. (Dex +6, Stealth+++)
You regenerate a lot of health from kills.
When hurt, damage is shared between your health and your magic reserves.
You regenerate magic rapidly.
When low on magic, you restore magic in place of health.
Your presence sometimes corrodes or deforms those you injure.
You can speak a Word of Chaos.
Your touch may irresistibly damage your foes and sap their willpower.
You have sharp toenails.
You sometimes lose your temper in combat.
Your mind is very acute. (Int +8, Str/Dex -2)
You are clumsy. (Dex -2)
Your magical capacity is low. (-10% MP)
A frigid envelope surrounds you and freezes all who hurt you.
Your muscles are strong. (Str +4, Int/Dex -1)
Potions are less effective at restoring your health.
Your spells are easier to cast, but less powerful.
Your health recovers twice as slowly from being drained.


Message History

You can't go down here!
You climb upwards.
There is a stone staircase leading down here.
There is a stone staircase leading up here.
You climb upwards.
There is a stone staircase leading down here.
There is a stone staircase leading up here.
You climb upwards.
There is a stone staircase leading down here.
Unknown command.
You see here a +0 chain mail.
There is a stone staircase leading up here.
You climb upwards.
There is a stone staircase leading down here.
Unknown command.
Okay, then.
Unknown command.
A cacodemon and a demonspawn corrupter come into view.
The demonspawn corrupter is wielding a +1 vampiric demon whip.
The demonspawn corrupter shouts!
Aiming: Fastroot
Press: ? - help, Shift-Dir - straight line, f - you
Okay, then.
Aiming: Dig
Press: ? - help, Shift-Dir - straight line A rock wall.
This square is covered in magical glow.
The rock shatters into small pieces.
You hear a grinding noise.
You hear a grinding noise.
You hear a grinding noise.
The cacodemon gestures at you. The bolt of devastation misses you.
There is an open door here.
The cacodemon gestures at the rock wall.
Some rock shatters into small pieces.
There is a staircase leading out of the dungeon here.
The cacodemon gestures at you. The bolt of devastation hits you!
Your willpower is stripped away!
You have escaped!

#.# ##.#...# #.# #####.#.#..#
####.# #..........#
.....######## ###.##.##..#
###..##.....########.#..###..#
#..................2^..##..#
###..###.###'#######'###.##.6#
.....###.#..⌠...>☼°°°..#.##..#
.........#......@☼.....#..#[.#
###>.###.+⌠....###....⌠'.....#
# #..###)#.............#.###.#
###..##..#######'#######.# #.#
.........#.............#.# #.#
########.#.............#.# #.#
# #.#.............#.###.#
#.###############.....# #####
#.................#####


You could see a cacodemon.

Vanquished Creatures
  Cerebov (Pan)
  the Royal Jelly (Slime:5)
  Ignacio (Pan)
  Frederick (Depths:2)
  Lom Lobon (Pan)
  5 dread liches
  Mara (Swamp:3)
  4 orbs of fire
  4 ancient liches
  Mennas (Crypt:3)
  2 royal mummies (Zig:9)
  2 Killer Klowns (Zot:5)
  3 curse toes
  2 caustic shrikes (Zig:14)
  Jory (Vaults:2)
  8 golden dragons
  Norris (Depths:2)
  A bone dragon (Depths:4)
  2 Tzitzimimeh (Pan)
  A pandemonium lord (Pan)
  A doom hound (Depths:3)
  An iron giant (Depths:3)
  2 electric golems
  A Brimstone Fiend (Pan)
  7 liches
  Mlioglotl (Spider:3)
  A walking earthen tome (Depths:3)
  8 tentacled monstrosities
  3 deep elf blademasters
  An Ice Fiend (Zot:1)
  20 Orb Guardians (Zot:5)
  Grunn (Depths:3)
  4 deep elf master archers
  5 quicksilver dragons
  10 acid blobs
  Asterion (Vaults:2)
  9 sphinxes
  7 titans
  12 death cobs
  5 tengu reavers
  4 Executioners
  5 shadow dragons
  Aizul (Vaults:1)
  A tentacled starspawn (Zig:7)
  Agnes (D:15)
  14 storm dragons
  2 fenstrider witches
  4 nagarajas
  The ghost of Fusk the Frost Mage, an adept HuWn of Vehumet (Swamp:3)
  3 protean progenitors
  4 revenants
  6 rockslimes (Slime:5)
  3 emperor scorpions (Spider:4)
  10 deep elf sorcerers
  8 fire giants
  11 azure jellies
  5 frost giants
  5 draconian monks
  7 draconian scorchers
  15 balrugs
  3 demonspawn warmongers (Pan)
  4 deep elf elementalists
  5 draconian knights
  18 vault wardens
  2 curse skulls
  6 ghost moths
  7 draconian shifters
  Louise (D:14)
  A caustic shrike zombie (Zig:10)
  7 ghouls
  The ghost of Ratippef the Destroyer, a journeyman DEAE of Gozag (D:15)
  A demonspawn corrupter (Pan)
  A draconian stormcaller (Zot:4)
  3 spriggan defenders
  6 reapers
  A cacodemon (Pan)
  8 draconian annihilators
  11 quicksilver oozes
  3 formless jellyfish
  8 ironbound thunderhulks
  5 broodmothers
  20 ironbound preservers
  18 stone giants
  4 orc warlords
  5 vampire knights
  6 eleionomae
  2 demonspawn blood saints (Pan)
  13 very ugly things
  A caustic shrike skeleton (Zig:10)
  9 deep elf death magi
  6 green draconians
  8 black draconians
  3 deep elf demonologists
  10 lorocyprocas
  2 bennus (Tomb:1)
  8 red draconians
  8 yellow draconians
  7 deep elf annihilators
  5 white draconians
  10 purple draconians
  5 dire elephants
  7 bunyips
  10 war gargoyles
  6 spark wasps
  9 ettins
  4 eidola
  13 blizzard demons
  5 green deaths
  2 crystal guardians
  3 fire dragons
  3 entropy weavers
  7 mummy priests
  3 jiangshi (Crypt:2)
  A quicksilver dragon zombie (Crypt:1)
  5 yaktaur captains
  Josephine (D:15)
  A merfolk impaler (Depths:1)
  8 deep elf high priests
  A sphinx zombie (Zig:9)
  2 salamander tyrants
  9 great orbs of eyes
  3 hell beasts
  2 peacekeepers (Vaults:3)
  6 ghost crabs
  29 vault guards
  5 ice dragons
  5 rakshasas
  4 spriggan skeletons (Crypt:3)
  3 radroaches
  12 ironbound frosthearts
  An ogre mage (Vaults:5)
  3 spriggan air magi
  A caustic shrike simulacrum (Abyss:2)
  6 boulder beetles
  18 hydras
  6 jorogumos
  7 two-headed ogres
  7 alligators
  A spark wasp (shapeshifter) (D:15)
  3 anacondas (Zig:13)
  6 centaur warriors
  14 dancing weapons
  7 deep troll shamans
  A death yak (Zot:3)
  6 tengu warriors
  3 thrashing horrors (Lair:5)
  8 deep troll earth magi
  5 shock serpents
  7 demonic crawlers
  5 death scarabs
  3 spriggan berserkers
  3 vampire magi (Crypt:2)
  2 naga sharpshooters (Zig:13)
  A soul eater (Depths:2)
  An occultist (Depths:3)
  4 orc high priests
  Sonja (Orc:2)
  3 fire crabs (Zig:11)
  34 sun demons
  2 wretched stars
  A storm dragon skeleton (Crypt:3)
  15 deep elf knights
  6 iron trolls
  4 pharaoh ants
  A goliath frog (Swamp:1)
  3 skeletal warriors
  2 skysharks
  2 mana vipers (Zig:13)
  A salamander mystic (D:15)
  A bunyip zombie (Crypt:2)
  11 flayed ghosts
  6 sixfirhies
  6 spriggan druids
  51 deep trolls
  A death drake (Zig:12)
  The ghost of timneilson the Insei, a novice OpSh of Gozag (D:6)
  A spark wasp zombie (Zig:9)
  A shadow demon (Zig:7)
  2 orb spiders (Spider:4)
  7 arcanists
  6 bog bodies
  6 sun moths
  6 glowing orange brains
  3 orange crystal statues (Zig:13)
  18 phantasmal warriors
  14 orc knights
  2 steelbarb worms
  4 harpies (Vaults:1)
  5 lindwurms
  An iron dragon zombie (Tomb:1)
  An iron giant skeleton (Crypt:3)
  7 swamp dragons
  5 necromancers
  A shining eye (shapeshifter) (Vaults:5)
  3 golden dragon skeletons
  8 orc sorcerers
  11 deep elf archers
  5 will-o-the-wisps
  21 deep elf zephyrmancers
  23 deep elf pyromancers
  19 ironbound convokers
  26 ugly things
  19 wolf spiders
  An oklob plant (Lair:2)
  A stone giant zombie (Crypt:1)
  Maurice (D:12)
  A shadow dragon skeleton (Crypt:1)
  An alligator skeleton (Tomb:1)
  4 cyclopes
  3 shining eyes
  A stone giant skeleton (Crypt:1)
  12 large abominations
  4 salamanders (D:15)
  4 manticores
  10 black mambas
  12 elephants
  12 vault sentinels
  A frost giant skeleton (Vaults:4)
  A black mamba (shapeshifter) (Lair:5)
  A nameless horror (Abyss:2)
  2 kobold blastminers (Orc:1)
  4 naga magi (Zig:13)
  25 moths of wrath
  4 guardian serpents (Zig:13)
  A human skeleton (Vaults:4)
  An orange demon (Pan)
  13 smoke demons
  2 eyes of devastation
  An apocalypse crab (Abyss:2)
  7 gargoyles
  An ice statue (IceCv)
  5 torpor snails
  3 water nymphs (Zot:3)
  7 cane toads
  A rime drake (shapeshifter) (Lair:5)
  2 hellions
  A yellow draconian zombie (Crypt:1)
  An unseen horror zombie (Crypt:1)
  A yaktaur (shapeshifter) (Vaults:5)
  10 efreet
  3 rime drakes
  6 komodo dragons
  A naga skeleton (Crypt:1)
  An anaconda simulacrum (IceCv)
  2 unseen horrors (D:12)
  7 freezing wraiths
  26 yaktaurs
  15 guardian mummies
  2 tengu conjurers
  An ancient zyme (Abyss:2)
  A pale draconian skeleton (Crypt:2)
  An ice devil (Pan)
  A harpy zombie (Crypt:1)
  6 trolls
  3 tormentors
  22 hornets
  7 tyrant leeches
  19 hellwings
  10 raiju
  Grinder (D:3)
  A tengu simulacrum (Crypt:2)
  10 glass eyes
  3 raiju (shapeshifter)
  6 dream sheep
  A glass eye (shapeshifter) (Vaults:5)
  19 blink frogs
  A harpy skeleton (Crypt:2)
  An ettin zombie (Vaults:4)
  21 tarantellas
  3 air elementals
  A frost giant simulacrum (Zig:9)
  24 jumping spiders
  Sigmund (D:6)
  A jumping spider (shapeshifter) (Abyss:2)
  21 culicivoras
  6 shadows
  7 fire dragon skeletons (Crypt:3)
  67 slime creatures
  20 spriggans
  7 water elementals
  11 wraiths
  A wyvern (shapeshifter) (D:14)
  2 dire elephant simulacra
  6 wyverns
  A vampire (D:11)
  15 ynoxinuls
  3 fire elementals
  60 yaks
  6 ushabtiu
  6 hogs (D:13)
  4 steam dragons
  7 wargs
  47 redbacks
  8 golden eyes
  3 death yak simulacra (IceCv)
  9 basilisks
  11 vampire mosquitoes
  3 neqoxecs
  3 harpy simulacra
  12 chaos spawn
  17 small abominations
  A hydra simulacrum (IceCv)
  The ghost of LustLizard the Gusty, an amateur DEAE (D:6)
  15 swamp worms
  A swamp worm (shapeshifter) (Vaults:5)
  A merfolk skeleton (Crypt:1)
  10 water moccasins
  2 glowing shapeshifter skeletons
  6 swamp drakes
  A two-headed ogre skeleton (Crypt:2)
  2 hell hounds (Abyss:2)
  2 black bears (D:4)
  A hornet zombie (D:5)
  36 orc warriors
  An ice beast (D:6)
  A manticore zombie (Crypt:1)
  16 laughing skulls
  19 wolves
  13 centaurs
  9 ogres
  A tengu (shapeshifter) (Elf:2)
  An ogre (shapeshifter) (Elf:2)
  A hog skeleton (Crypt:2)
  4 kobold brigands
  4 phantoms
  A yaktaur zombie (Crypt:1)
  10 bullfrogs
  2 human zombies
  6 necrophages
  A scorpion (D:5)
  6 two-headed ogre simulacra (IceCv)
  2 gnoll sergeants
  A warg skeleton (Crypt:1)
  A cane toad simulacrum (IceCv)
  9 wights
  An elephant simulacrum (IceCv)
  5 howler monkeys
  10 electric eels
  A wolf zombie (Crypt:1)
  4 bombardier beetles
  A quasit (Abyss:2)
  6 hounds
  3 jellies
  40 orc priests
  2 bullfrog skeletons (D:5)
  4 centaur skeletons
  2 gnoll boudas
  A sleepcap (D:6)
  An iguana (shapeshifter) (D:14)
  2 iguanas
  5 troll simulacra (IceCv)
  64 orc wizards
  8 spriggan simulacra
  A boggart skeleton (Crypt:2)
  A crocodile zombie (Crypt:2)
  43 mummies
  18 gnolls
  4 naga simulacra (IceCv)
  19 adders
  4 river rats
  A shadow imp (D:8)
  19 white imps
  8 ufetubi
  The ghost of petzl the Sneak, a weakling FoDe (D:5)
  The ghost of petzl the Sneak, a weakling FoDe of Vehumet (D:6)
  2 dart slugs
  3 ribbon worms
  77 orcs
  13 ball pythons
  10 endoplasms
  5 giant cockroaches
  10 hobgoblins
  6 jackals
  24 kobolds
  A quokka (D:2)
  6 bats
  6 frilled lizards
  8 goblins
  A hobgoblin zombie (Crypt:1)
  29 rats
  A spectral goblin (D:1)
  2 aspiring fleshes
  10 foxfires
2615 creatures vanquished.

Vanquished Creatures (collateral kills)
  2 dread liches (Zot:5)
  2 ancient liches (Zot:5)
  4 royal mummies
  A Killer Klown (Zot:5)
  A caustic shrike (Zig:14)
  2 golden dragons
  A bone dragon (Abyss:2)
  A doom hound (Depths:3)
  A walking crystal tome (Depths:4)
  Zenata (Elf:1)
  5 tentacled monstrosities
  5 Orb Guardians (Zot:5)
  2 titans (Vaults:5)
  3 sphinxes (Tomb:1)
  5 acid blobs
  The ghost of Xedevy the Bewitcher, an adept KoEn of Dithmenos (Vaults:2)
  An Executioner (Zot:3)
  Kirke (D:13)
  3 storm dragons
  A revenant (Crypt:2)
  An azure jelly (Slime:5)
  A shadow dragon (Zot:1)
  A fire giant (Vaults:5)
  A draconian knight (Depths:4)
  A quicksilver elemental (Zig:14)
  2 rockslimes (Slime:4)
  A deep elf sorcerer (Vaults:5)
  2 vault wardens (Vaults:1)
  A draconian scorcher (Zot:3)
  8 balrugs
  An emperor scorpion (Spider:4)
  A curse skull (Crypt:1)
  A caustic shrike zombie (Zig:10)
  3 very ugly things
  2 reapers (Pan)
  A stone giant (Depths:2)
  4 ironbound preservers
  3 ghouls (Crypt:2)
  An ironbound thunderhulk (Vaults:2)
  A yellow draconian (Depths:4)
  A deep elf annihilator (Elf:3)
  4 bennus
  A lorocyproca (Pan)
  A war gargoyle (Vaults:3)
  4 black draconians
  A blizzard demon (Pan)
  3 dire elephants
  2 purple draconians (Zot:5)
  A starcursed mass (Zig:7)
  3 fire dragons
  An ettin (Depths:1)
  An entropy weaver (D:14)
  A shambling mangrove (Swamp:4)
  2 great orbs of eyes
  6 vault guards
  2 yaktaur captains
  3 salamander tyrants (Zig:11)
  A rakshasa (D:14)
  2 peacekeepers
  A catoblepas (D:14)
  5 hydras
  2 ogre magi
  6 two-headed ogres
  A centaur warrior (D:15)
  A boulder beetle (D:12)
  An alligator (Swamp:1)
  A death scarab (Tomb:1)
  A deep troll earth mage (Depths:1)
  A deep troll shaman (Depths:1)
  A tengu warrior (Depths:2)
  9 dancing weapons
  14 sun demons (Pan)
  A spriggan berserker (Depths:2)
  A thrashing horror (Lair:5)
  2 wretched stars
  A deep elf knight (Spider:4)
  2 hell knights
  A fire crab (Zig:11)
  2 iron trolls (Depths:3)
  6 deep trolls
  A death drake (Zig:12)
  3 bog bodies
  A flayed ghost (Crypt:2)
  An obsidian statue (Zig:13)
  3 orb spiders
  A deep elf archer (Spider:4)
  A phantasmal warrior (Vaults:5)
  An ironbound convoker (Vaults:5)
  3 lindwurms (Vaults:1)
  2 orc knights
  6 sun moths (Pan)
  A shock serpent (shapeshifter) (Vaults:5)
  An orc sorcerer (Vaults:5)
  3 deep elf pyromancers
  An ugly thing (Depths:3)
  A wolf spider (Spider:3)
  A deep elf zephyrmancer (Zig:6)
  A manticore (D:12)
  A naga zombie (Crypt:2)
  2 moths of wrath
  A black mamba (Lair:2)
  4 large abominations
  An apocalypse crab (Abyss:2)
  3 vault sentinels
  An orc zombie (Abyss:2)
  A rust devil (Pan)
  5 elephants
  A kobold blastminer (Orc:1)
  2 orange demons (Pan)
  7 smoke demons
  4 cane toads
  5 efreet
  6 yaktaurs
  An ice devil (Pan)
  3 guardian mummies
  An ancient zyme (Abyss:2)
  A tyrant leech (Swamp:1)
  2 hellwings (Pan)
  3 tarantellas
  4 blink frogs
  A dream sheep (shapeshifter) (Vaults:5)
  A glass eye (Depths:2)
  A raiju (Abyss:2)
  4 dream sheep
  9 slime creatures
  A jumping spider (Spider:1)
  A spriggan (Swamp:1)
  3 culicivoras
  3 ynoxinuls (Pan)
  13 yaks
  2 ushabtiu (Tomb:1)
  A wraith (D:15)
  A basilisk (Lair:5)
  A yak (shapeshifter) (Lair:5)
  9 redbacks
  A chaos spawn (Pan)
  A vampire mosquito (Swamp:3)
  An acid dragon (D:12)
  2 water moccasins
  A hell hound (Abyss:2)
  A swamp drake (Swamp:4)
  A glowing shapeshifter skeleton (Crypt:2)
  5 orc warriors
  5 laughing skulls
  An ogre (D:15)
  2 centaurs
  3 small abominations
  2 earth elementals
  A lava snake (Lair:5)
  An orc wizard (Orc:1)
  4 mummies
  7 orcs
  21 fire vortices
  73 foxfires
455 creatures vanquished.

Vanquished Creatures (others)
  A dread lich (Vaults:5)
  Saint Roka (Vaults:5)
  A lich (Tomb:1)
  A titan (Vaults:5)
  A deep elf master archer (Elf:3)
  A sphinx (Tomb:1)
  A nagaraja (Zig:13)
  A rockslime (Slime:2)
  A fire giant (Depths:4)
  An iron dragon (Depths:2)
  A vault warden (Vaults:1)
  A balrug (Pan)
  A ghoul (Crypt:2)
  A deep elf elementalist (Elf:3)
  2 very ugly things
  A deep elf death mage (Vaults:5)
  A lorocyproca (Pan)
  A blizzard demon (Pan)
  An ettin (Depths:4)
  A fire dragon (Depths:1)
  A yaktaur captain (Vaults:5)
  A shambling mangrove (Swamp:4)
  A great orb of eyes (Vaults:2)
  A hydra (Swamp:4)
  A deep troll shaman (Depths:1)
  An orc high priest (Vaults:5)
  A skyshark (Depths:2)
  A sun demon (Pan)
  A swamp dragon (Swamp:4)
  3 deep trolls
  A lindwurm (Vaults:1)
  2 bog bodies (Swamp:4)
  2 orc knights
  An orc sorcerer (D:15)
  2 smoke demons
  2 hellwings (Pan)
  A bloated husk (Swamp:2)
  3 hornets (Swamp:4)
  A jumping spider (Spider:1)
  3 slime creatures
  A culicivora (Spider:3)
  An ushabti (Tomb:1)
  A shadow (D:12)
  5 yaks
  A human (D:15)
  2 redbacks
  2 water moccasins (Lair:5)
  2 orc warriors
  A laughing skull (Crypt:1)
  An orc priest (Orc:1)
  An orc wizard (Orc:2)
  A white imp (IceCv)
  3 orcs
  3 ball lightnings (D:15)
  266 fire vortices
  7927 foxfires
8269 creatures vanquished.

Grand Total: 11339 creatures vanquished

Notes
Turn   | Place    | Note
-------+----------+-------------------------------------------
     0 | D:1      | MrSquiggles the Demonspawn Fire Elementalist began the
                  | quest for the Orb.
     0 | D:1      | Reached XP level 1. HP: 13/13 MP: 3/3
     1 | D:1      | Found a runed translucent door.
   362 | D:1      | Gained mutation: You regenerate magic rapidly. [demonic
                  | ancestry]
   362 | D:1      | Reached XP level 2. HP: 19/19 MP: 3/5
   565 | D:1      | Learned a level 2 spell: Scorch
   776 | D:1      | Found a faded altar of an unknown god.
  1339 | D:1      | Gained mutation: You have a somewhat thin skeletal
                  | structure. (Dex +2, Stealth+) [demonic ancestry]
  1339 | D:1      | Reached XP level 3. HP: 24/24 MP: 4/6
  2039 | D:1      | Found a faded altar of an unknown god.
  2451 | D:2      | Reached XP level 4. HP: 25/30 MP: 1/7
  3675 | D:2      | Learned a level 4 spell: Flame Wave
  3762 | D:3      | Gained mutation: When hurt, damage is shared between your
                  | health and your magic reserves. [demonic ancestry]
  3762 | D:3      | Reached XP level 5. HP: 35/35 MP: 3/9
  3951 | D:3      | Noticed Grinder
  3978 | D:3      | Paralysed by Grinder for 2 turns
  3990 | D:3      | Killed Grinder
  3991 | D:3      | Reached XP level 6. HP: 8/41 MP: 3/10
  4766 | D:3      | Reached skill level 5 in Fire Magic
  4975 | D:3      | Reached XP level 7. HP: 46/46 MP: 8/12
  5436 | D:4      | Found a staircase to the Ecumenical Temple.
  5443 | Temple   | Entered the Ecumenical Temple
  5659 | D:4      | Reached skill level 5 in Conjurations
  5664 | D:4      | Found a bloodstained altar of Trog.
  6473 | D:4      | Reached XP level 8. HP: 52/52 MP: 9/14
  6664 | D:5      | Entered Level 5 of the Dungeon
  6745 | D:5      | Reached skill level 1 in Alchemy
  7028 | D:5      | Found a runed translucent gate.
  7029 | D:5      | Found a runed translucent gate.
  7030 | D:5      | Found a runed translucent gate.
  7049 | D:5      | Noticed petzl's ghost (weakling FoDe)
  7133 | D:5      | Identified the ring of Batuj {Int+4 Dex+6 Stlth+}
  7262 | D:5      | Learned a level 3 spell: Mephitic Cloud
  7364 | D:5      | Found a hide-covered altar of Uskayaw.
  7367 | D:5      | Found an ornate altar of the Wu Jian Council.
  7777 | D:6      | Found a glowing drain.
  7824 | Sewer    | Entered a sewer
  8401 | D:6      | Reached skill level 5 in Spellcasting
  8462 | D:6      | Reached XP level 9. HP: 56/57 MP: 5/16
  8906 | D:6      | Found a runed translucent gate.
  8906 | D:6      | Found a runed translucent gate.
  8907 | D:6      | Noticed Sigmund
  8915 | D:6      | Reached skill level 5 in Alchemy
  8919 | D:6      | Killed Sigmund
  8946 | D:6      | Noticed timneilson's ghost (novice OpSh)
  8961 | D:6      | Noticed LustLizard's ghost (amateur DEAE)
  8964 | D:6      | Noticed petzl's ghost (weakling FoDe)
  9066 | D:6      | Found a runed translucent gate.
  9395 | D:6      | Learned a level 5 spell: Irradiate
  9437 | D:6      | Learned a level 3 spell: Dazzling Flash
 10410 | D:7      | Learned a level 3 spell: Volatile Blastmotes
 10571 | D:8      | Reached skill level 10 in Conjurations
 10571 | D:8      | Gained mutation: Your touch may inflict minor irresistible
                  | damage on your foes. [demonic ancestry]
 10571 | D:8      | Reached XP level 10. HP: 63/63 MP: 15/19
 11602 | D:9      | Reached skill level 1 in Fighting
 11762 | D:9      | Found Kanan's General Store.
 11766 | D:9      | Bought a potion of mutation for 112 gold pieces
 11766 | D:9      | Bought a potion of haste for 140 gold pieces
 11940 | D:9      | Found a burning altar of Makhleb.
 12245 | D:9      | Became a worshipper of Makhleb the Destroyer
 12646 | D:9      | Noticed a two-headed ogre
 12654 | D:9      | Killed a two-headed ogre
 12824 | D:10     | Entered Level 10 of the Dungeon
 12850 | D:10     | Reached skill level 1 in Hexes
 13099 | D:10     | Reached * piety under Makhleb
 13107 | D:10     | Gained mutation: You regenerate a little health from kills.
                  | [demonic ancestry]
 13107 | D:10     | Reached XP level 11. HP: 70/74 MP: 1/23
 13356 | D:10     | Found a staircase to the Lair.
 13759 | D:10     | Found a staircase to the Orcish Mines.
 13977 | D:10     | Learned a level 5 spell: Yara's Violent Unravelling
 14035 | Lair:1   | Entered Level 1 of the Lair of Beasts
 14179 | Orc:1    | Entered Level 1 of the Orcish Mines
 14192 | Orc:1    | Reached ** piety under Makhleb
 14289 | Orc:1    | Noticed an orc sorcerer
 14298 | Orc:1    | Killed an orc sorcerer
 14421 | Orc:1    | Reached skill level 5 in Dodging
 14719 | Orc:2    | Entered Level 2 of the Orcish Mines
 14722 | Orc:2    | Noticed an orc high priest
 14723 | Orc:2    | Reached skill level 5 in Fighting
 14724 | Orc:2    | Noticed an orc sorcerer
 14726 | Orc:2    | Noticed a soul eater
 14728 | Orc:2    | Noticed a sixfirhy
 14732 | Orc:2    | Reached skill level 5 in Hexes
 14837 | Orc:2    | Noticed Sonja
 14955 | Orc:2    | Noticed an orc sorcerer
 15033 | Orc:2    | Noticed a sun demon
 15036 | Orc:2    | Noticed a soul eater
 15037 | Orc:1    | Killed an orc sorcerer
 15193 | Orc:2    | Reached *** piety under Makhleb
 15217 | Orc:2    | Killed an orc sorcerer
 15303 | Orc:2    | Noticed an orc high priest
 15305 | Orc:2    | Noticed a sun demon
 15312 | Orc:2    | Killed an orc high priest
 15357 | Orc:2    | Noticed an orc sorcerer
 15367 | Orc:2    | Killed an orc sorcerer
 15550 | Orc:2    | Noticed an orc sorcerer
 15563 | Orc:2    | Killed an orc sorcerer
 15569 | Orc:2    | Killed Sonja
 16089 | Orc:2    | Noticed an orc sorcerer
 16093 | Orc:2    | Noticed a sun demon
 16098 | Orc:2    | Killed an orc sorcerer
 16099 | Orc:2    | Gained mutation: You have a moderately thin skeletal
                  | structure. (Dex +4, Stealth++) [demonic ancestry]
 16099 | Orc:2    | Reached XP level 12. HP: 87/87 MP: 8/25
 16360 | Orc:2    | Reached **** piety under Makhleb
 17116 | Orc:2    | Noticed a two-headed ogre
 17125 | Orc:2    | Killed a two-headed ogre
 17340 | Orc:2    | Noticed an orc high priest
 17350 | Orc:2    | Killed an orc high priest
 17472 | Orc:2    | Killed an orc high priest
 17473 | Orc:2    | Reached skill level 1 in Long Blades
 17739 | Orc:2    | Found a staircase to the Elven Halls.
 17835 | Orc:2    | Found Itilud's General Store.
 17835 | Orc:2    | Found Hosuifevoa's Magic Scroll Emporium.
 17836 | Orc:2    | Found Wockeegai's Weapon Shoppe.
 17840 | Orc:2    | Found Liramulej's General Store.
 18189 | D:9      | Bought the orb "Ylaaf" {mayhem, rPois} for 310 gold pieces
 18312 | Orc:2    | Bought a scroll of blinking for 112 gold pieces
 18312 | Orc:2    | Bought a scroll of blinking for 112 gold pieces
 18313 | Orc:2    | Bought a potion of heal wounds for 50 gold pieces
 18547 | Lair:1   | Found a burning altar of Makhleb.
 18615 | Lair:1   | Reached skill level 1 in Invocations
 19522 | Lair:1   | Learned a level 4 spell: Cause Fear
 19565 | Lair:1   | Reached skill level 5 in Invocations
 20270 | Lair:2   | Found a staircase to the Swamp.
 20965 | Lair:2   | Gained mutation: Your touch may inflict irresistible damage
                  | on your foes. [demonic ancestry]
 20965 | Lair:2   | Reached XP level 13. HP: 85/96 MP: 19/26
 21289 | Lair:2   | Reached ***** piety under Makhleb
 22051 | Lair:3   | Reached skill level 10 in Spellcasting
 22763 | Lair:3   | Gained mutation: You are frail. (-10% HP) [you]
 22887 | Lair:3   | Found a hole to the Spider Nest.
 23752 | Lair:4   | Identified the amulet of the Festooned Mango {rN+ Regen+
                  | Int+2}
 23857 | Lair:4   | Found a staircase to the Slime Pits.
 23857 | Lair:4   | Found a viscous altar of Jiyva.
 24639 | Lair:5   | Entered Level 5 of the Lair of Beasts
 24861 | Lair:5   | Gained mutation: Your touch may irresistibly damage your
                  | foes and sap their willpower. [demonic ancestry]
 24861 | Lair:5   | Reached XP level 14. HP: 95/95 MP: 19/28
 24861 | Lair:5   | Lost mutation: You are frail. (-10% HP) [potion of
                  | mutation]
 24861 | Lair:5   | Gained mutation: Your body sometimes deteriorates upon
                  | taking damage. [potion of mutation]
 24861 | Lair:5   | Gained mutation: Your muscles are strong. (Str +4, Int/Dex
                  | -1) [potion of mutation]
 24861 | Lair:5   | Gained mutation: You passively dampen the noise of your
                  | surroundings. [potion of mutation]
 24861 | Lair:5   | Gained mutation: Your flesh is heat resistant. (rF+)
                  | [potion of mutation]
 25254 | Lair:5   | Identified the +2 ring mail of the Writhing Gods {rC++
                  | Int+3}
 25854 | Lair:5   | Reached skill level 10 in Fire Magic
 26887 | Lair:5   | Found a corrupted altar of Lugonu.
 26938 | Lair:5   | Found a one-way gate to the infinite horrors of the Abyss.
 27191 | Lair:5   | Learned a level 3 spell: Inner Flame
 27802 | D:5      | Killed petzl's ghost
 27921 | D:6      | Killed petzl's ghost
 27925 | D:6      | Killed LustLizard's ghost
 27925 | D:6      | Killed timneilson's ghost
 28604 | D:11     | Found a shadowy altar of Dithmenos.
 28975 | D:12     | Found a frozen archway.
 29042 | IceCv    | Entered an ice cave
 30727 | D:12     | Noticed Maurice
 30736 | D:12     | Killed Maurice
 30829 | D:12     | Found an iron altar of Okawaru.
 31293 | D:12     | Reached XP level 15. HP: 90/115 MP: 0/30
 31298 | D:12     | Learned a level 4 spell: Olgreb's Toxic Radiance
 31441 | D:12     | Reached skill level 10 in Fighting
 31504 | D:12     | Found a runed translucent gate.
 31504 | D:12     | Found a runed translucent gate.
 31504 | D:12     | Found a runed translucent gate.
 31613 | D:12     | Noticed a storm dragon
 31848 | D:12     | Found a runed translucent gate.
 31848 | D:12     | Found a runed translucent gate.
 31848 | D:12     | Found a runed translucent gate.
 31851 | D:12     | Identified the +1 whip of Xom's Whim {spect, rPois}
 31938 | D:12     | Reached ****** piety under Makhleb
 32003 | D:12     | Killed a storm dragon
 32059 | D:12     | Reached skill level 10 in Dodging
 32108 | D:12     | Identified the +2 leather armour of Inference {*Slow Str+3
                  | Slay+2}
 32915 | D:13     | Found a hide-covered altar of Uskayaw.
 33064 | D:13     | Found a portal to a secret trove of treasure.
 33163 | D:13     | Noticed Kirke
 33391 | D:13     | Killed Kirke
 33601 | D:14     | Found a gate to the Vaults.
 34431 | D:14     | Noticed Louise
 34465 | D:14     | Killed Louise
 34728 | D:15     | Entered Level 15 of the Dungeon
 35235 | D:15     | Got An Introduction to the Hermit's Heritage
 35538 | D:15     | Noticed Agnes
 35552 | D:15     | Killed Agnes
 35713 | D:15     | Found a staircase to the Depths.
 35937 | D:15     | Noticed Josephine
 35949 | D:15     | Killed Josephine
 36193 | D:15     | Found the +3 salamander hide armour {Flames, rFlCloud rF++
                  | rC--}
 36349 | D:15     | Gained mutation: You regenerate health from kills. [demonic
                  | ancestry]
 36349 | D:15     | Reached XP level 16. HP: 118/122 MP: 16/32
 36371 | D:15     | Reached skill level 15 in Fire Magic
 36670 | D:15     | Found a runed translucent door.
 36671 | D:15     | Noticed Ratippef's ghost (journeyman DEAE)
 36882 | D:15     | Killed Ratippef's ghost
 36888 | D:15     | Identified the +8 long sword of Shame {flame, Will+}
 37219 | Swamp:1  | Entered Level 1 of the Swamp
 37620 | Swamp:1  | Reached skill level 1 in Armour
 37709 | Swamp:1  | Found a burning altar of Makhleb.
 38214 | Swamp:1  | Identified a scroll of acquirement
 38215 | Swamp:1  | Acquired the ring "Wukapluo" {rPois rC+ Dex+2 SInv}
 39725 | Swamp:3  | Noticed Mara
 39758 | Swamp:3  | Noticed MrSquiggles's illusion
 39762 | Swamp:3  | Killed Mara
 40237 | Swamp:3  | Found a bloodstained altar of Trog.
 40253 | Swamp:3  | Found a transporter.
 40256 | Swamp:3  | Found a transporter.
 40256 | Swamp:3  | Noticed Fusk's ghost (adept HuWn)
 40508 | Spider:1 | Entered Level 1 of the Spider Nest
 41422 | Spider:1 | Gained mutation: You regenerate a lot of health from kills.
                  | [demonic ancestry]
 41422 | Spider:1 | Reached XP level 17. HP: 128/128 MP: 18/33
 42951 | Spider:2 | Upgraded the game from 0.32-a0-12-g7fc57aa741 to
                  | 0.32-a0-17-gb74e046682
 43062 | Spider:3 | Noticed Mlioglotl
 43065 | Spider:3 | Noticed a bone dragon
 43073 | Spider:3 | Killed Mlioglotl
 44707 | D:14     | Learned a level 8 spell: Ignition
 45122 | Swamp:3  | Killed Fusk's ghost
 45124 | Swamp:3  | Lost mutation: Your muscles are strong. (Str +4, Int/Dex
                  | -1) [you]
 45153 | Swamp:3  | Gained mutation: You are weak. (Str -2) [you]
 45206 | Swamp:3  | Identified the +10 glaive of Resumed Hostilities {pain,
                  | +Blink rPois rN++ Will-}
 45240 | Swamp:4  | Entered Level 4 of the Swamp
 47538 | Swamp:4  | Got a decaying rune of Zot
 48459 | Spider:4 | Entered Level 4 of the Spider Nest
 49122 | Spider:4 | Gained mutation: Your presence sometimes corrodes those you
                  | injure. [demonic ancestry]
 49122 | Spider:4 | Reached XP level 18. HP: 136/136 MP: 3/34
 49874 | Spider:4 | Got a gossamer rune of Zot
 49920 | Spider:4 | Reached skill level 5 in Armour
 50663 | Vaults:1 | Entered Level 1 of the Vaults
 51011 | Vaults:1 | Identified the serpent talisman of Wasted Space {rN+}
 51011 | Vaults:1 | Noticed Aizul
 51038 | Vaults:1 | Killed Aizul
 51182 | Vaults:1 | Found Estuaggacvo's Antique Armour Shoppe.
 52532 | Vaults:1 | Reached XP level 19. HP: 147/147 MP: 27/36
 53099 | Vaults:2 | Found a large runed translucent door.
 53099 | Vaults:2 | Found a large runed translucent door.
 53099 | Vaults:2 | Found a large runed translucent door.
 53099 | Vaults:2 | Found a large runed translucent door.
 53099 | Vaults:2 | Noticed Xedevy's ghost (adept KoEn)
 53100 | Vaults:2 | Found a large runed translucent door.
 53100 | Vaults:2 | Found a large runed translucent door.
 53100 | Vaults:2 | Found a large runed translucent door.
 53100 | Vaults:2 | Found a large runed translucent door.
 53235 | Vaults:2 | Noticed Asterion
 53267 | Vaults:2 | Killed Asterion
 53951 | Vaults:2 | Noticed Jory
 53963 | Vaults:2 | Killed Jory
 54363 | Vaults:2 | Paralysed by a vampire knight for 3 turns
 54489 | Vaults:2 | Found a staircase to the Crypt.
 54623 | Vaults:2 | Killed Xedevy's ghost
 55040 | Vaults:3 | Identified the +2 leather armour of the Raven {rN+ Str+3
                  | Dex-2 SInv}
 56722 | Elf:1    | Entered Level 1 of the Elven Halls
 56892 | Elf:1    | Found Asmez's Book Emporium.
 56893 | Elf:1    | Found Soqonitu's Antique Armour Emporium.
 57035 | Elf:1    | Found Niulol's Antique Weapon Emporium.
 57078 | Elf:1    | Found Tutrub's Jewellery Emporium.
 57273 | Elf:1    | Noticed Zenata
 57311 | Elf:1    | Found Vemalej's Neck Hole.
 57392 | Elf:1    | Reached skill level 1 in Earth Magic
 57518 | Elf:1    | Bought a book of Power for 588 gold pieces
 57525 | Elf:1    | Learned a level 6 spell: Bombard
 57529 | Elf:1    | Bought the ring of Entrepreneurial Spirit {Wiz +Blink
                  | Int+2} for 723 gold pieces
 57682 | Elf:1    | Reached XP level 20. HP: 148/159 MP: 14/38
 58099 | Elf:1    | Got the Thoughts on Creative Assaults
 58746 | Elf:2    | Reached skill level 5 in Earth Magic
 58943 | Elf:2    | Found Omonis's Antique Armour Shop.
 58971 | Elf:2    | Bought a bloodstained hat for 306 gold pieces
 58971 | Elf:2    | Identified the +1 hat "Tegrot" {Rampage rElec rC+} (You
                  | bought it in a shop on level 2 of the Elven Halls)
 59228 | Elf:2    | Noticed Roxanne
 59321 | Elf:2    | Reached skill level 15 in Spellcasting
 59572 | Elf:2    | Found a runed translucent gate.
 59573 | Elf:2    | Found a runed translucent gate.
 59573 | Elf:2    | Found a runed translucent gate.
 59622 | Elf:3    | Entered Level 3 of the Elven Halls
 59622 | Elf:3    | Found a radiant altar of Vehumet.
 59947 | Elf:3    | Paralysed by an air elemental for 1 turns
 60361 | Elf:3    | Found Oqututs's Distillery.
 61083 | Elf:3    | Reached skill level 10 in Invocations
 62217 | Elf:3    | Found the +5 moon troll leather armour {Spirit, Regen++
                  | MP+5}
 62379 | Abyss:2  | Cast into level 2 of the Abyss (a deep elf sorcerer)
 62387 | Elf:3    | Escaped the Abyss
 62525 | Elf:3    | Identified the ring of Lodoe {Wiz +Blink rF+ MP+9 Str+3}
 62529 | Elf:3    | Identified the +6 lajatang "Xaiklygg" {drain, rElec}
 62570 | Elf:3    | Identified the +5 falchion of Kyiklaph {freeze, ^Fragile
                  | rPois rC++ Dex-3}
 62572 | Elf:3    | Identified the +11 spear of Prudence {freeze, *Slow rPois
                  | Str+5 Dex+4}
 62575 | Elf:3    | Identified the +6 dagger of the Revolution {venom, rF- rN++
                  | Dex+9}
 62637 | Elf:3    | Identified the +3 sling of the Purse {flame, ^Fragile rF+
                  | rN+++ Dex+3}
 62647 | Elf:3    | Identified the +1 short sword of the Yoke {protect, *Noise
                  | Str+3 Dex+6}
 62816 | Elf:3    | Acquired 476 gold pieces
 63907 | Orc:2    | Bought a book of Unlife for 360 gold pieces
 63913 | Orc:2    | Learned a level 5 spell: Borgnjor's Vile Clutch
 64445 | Vaults:4 | Reached skill level 1 in Necromancy
 64976 | Vaults:4 | Identified the staff of Gamab {rElec Int+2 Air}
 65100 | Vaults:4 | Reached XP level 21. HP: 148/166 MP: 35/41
 65553 | Vaults:4 | Paralysed by a formless jellyfish for 1 turns
 65868 | Vaults:4 | Gained mutation: You are dopey. (Int -2) [you]
 65966 | Vaults:4 | Found a runed translucent gate.
 65966 | Vaults:4 | Found a runed translucent gate.
 65967 | Vaults:4 | Found a runed translucent gate.
 65967 | Vaults:4 | Noticed Luiw's ghost (veteran HOBe)
 66025 | Vaults:5 | Entered Level 5 of the Vaults
 66027 | Vaults:5 | Reached skill level 15 in Fighting
 66133 | Vaults:5 | Noticed a dread lich
 66148 | Vaults:5 | Killed a dread lich
 66809 | Vaults:5 | Noticed Saint Roka
 66823 | Vaults:5 | Killed Saint Roka
 66830 | Vaults:5 | Reached skill level 15 in Dodging
 66885 | Vaults:5 | Reached skill level 15 in Invocations
 67162 | Vaults:5 | Noticed an ancient lich
 67461 | Vaults:5 | Found the amulet of Vitality {RegenMP++ Regen++}
 67507 | Vaults:5 | Identified the +2 chain mail of Getet {*Corrode Int+7 Dex+2
                  | Slay-5}
 67604 | Vaults:5 | Identified the ring "Ciosm" {rPois rF+ Will+ Str+4 Int+2}
 67701 | Vaults:5 | Gained mutation: You occasionally shout uncontrollably at
                  | your foes. [you]
 67769 | Vaults:5 | Noticed a dread lich
 67821 | Vaults:5 | Paralysed by a sphinx for 5 turns
 67892 | Vaults:5 | Gained mutation: You have an unnaturally thin skeletal
                  | structure. (Dex +6, Stealth+++) [demonic ancestry]
 67892 | Vaults:5 | Reached XP level 22. HP: 180/180 MP: 41/42
 68205 | Vaults:5 | Identified the ring of Oluipish {rPois rF+ rC- rN+++ SInv}
 68273 | Vaults:5 | Noticed an ancient lich
 68307 | Vaults:5 | Killed an ancient lich
 68340 | Vaults:5 | Killed an ancient lich
 68678 | Vaults:5 | Killed a dread lich
 68729 | Vaults:5 | Noticed a golden dragon
 68737 | Vaults:5 | Killed a golden dragon
 68882 | Vaults:5 | Got a silver rune of Zot
 68927 | Vaults:5 | Upgraded the game from 0.32-a0-17-gb74e046682 to
                  | 0.32-a0-18-g89e19f1974
 69026 | Crypt:1  | Entered Level 1 of the Crypt
 70475 | Crypt:2  | Gained mutation: You are occasionally teleported next to
                  | monsters. [you]
 70701 | Crypt:2  | Got the Excursus on Vapourous Percussion
 70780 | Crypt:2  | Acquired 1007 gold pieces
 71178 | Crypt:3  | Entered Level 3 of the Crypt
 71315 | Crypt:3  | Lost mutation: Your flesh is heat resistant. (rF+) [potion
                  | of mutation]
 71315 | Crypt:3  | Lost mutation: You occasionally shout uncontrollably at
                  | your foes. [potion of mutation]
 71315 | Crypt:3  | Gained mutation: Your flesh is heat resistant. (rF+)
                  | [potion of mutation]
 71315 | Crypt:3  | Gained mutation: You are clumsy. (Dex -2) [potion of
                  | mutation]
 71315 | Crypt:3  | Gained mutation: You have hidden genetic potential. [potion
                  | of mutation]
 71316 | Crypt:3  | Lost mutation: You are occasionally teleported next to
                  | monsters. [potion of mutation]
 71316 | Crypt:3  | Lost mutation: You passively dampen the noise of your
                  | surroundings. [potion of mutation]
 71316 | Crypt:3  | Lost mutation: You have hidden genetic potential. [potion
                  | of mutation]
 71316 | Crypt:3  | Gained mutation: You expend magic power (3 MP) to
                  | strengthen your wands. [potion of mutation]
 71330 | Crypt:3  | Gained mutation: You are very clumsy. (Dex -4) [you]
 71815 | Crypt:3  | Got the Collected Works on Dusty Arcane Combat
 71817 | Crypt:3  | Identified the staff of Rotation {+Blink Str+6 Earth}
 71935 | Crypt:3  | Paralysed by a sphinx for 3 turns
 72215 | Crypt:3  | Noticed Mennas
 72241 | Crypt:3  | Killed Mennas
 72670 | Crypt:3  | Noticed a dread lich
 72683 | Crypt:3  | Killed a dread lich
 72723 | Crypt:3  | Found a staircase to the Tomb.
 72818 | Crypt:3  | Found an ancient bone altar of Kikubaaqudgha.
 72818 | Crypt:3  | Noticed a dread lich
 72825 | Crypt:3  | Paralysed by a dread lich for 3 turns
 72829 | Crypt:3  | Gained mutation: Your body often deteriorates upon taking
                  | damage. [you]
 72830 | Crypt:3  | Paralysed by a dread lich for 2 turns
 72833 | Crypt:3  | Paralysed by a dread lich for 3 turns
 72837 | Crypt:3  | Killed a dread lich
 72926 | Crypt:3  | Found the +0 pair of fencer's gloves {Riposte Dex+3}
 72931 | Crypt:3  | Identified the amulet of Tempters {RegenMP Slay+2}
 72948 | Crypt:3  | Noticed an ancient lich
 72953 | Crypt:3  | Killed an ancient lich
 72954 | Crypt:3  | Reached XP level 23. HP: 190/190 MP: 13/43
 73486 | Depths:1 | Entered Level 1 of the Depths
 73640 | Depths:1 | Gained mutation: Your movements are slightly less
                  | encumbered by armour. (ER -2) [you]
 73655 | Depths:1 | Noticed a juggernaut
 74281 | Depths:1 | Found a one-way gateway to a ziggurat.
 74379 | Depths:1 | Found a hide-covered altar of Uskayaw.
 74531 | Depths:1 | Found a gateway to Hell.
 74855 | Depths:2 | Found Nyhyoc's General Store.
 74898 | Depths:2 | Found a one-way gate leading to the halls of Pandemonium.
 74923 | Depths:2 | Gained mutation: You are very weak. (Str -4) [you]
 74969 | Depths:2 | Noticed Norris
 74978 | Depths:2 | Killed Norris
 75122 | Depths:2 | Found Gili's Assorted Antiques.
 75134 | Depths:2 | Bought a potion of berserk rage for 150 gold pieces
 75134 | Depths:2 | Bought a potion of enlightenment for 150 gold pieces
 75134 | Depths:2 | Bought a potion of might for 120 gold pieces
 75246 | Depths:2 | Identified the +0 robe of Sharp the Leaf {Fly Regen+}
 75563 | Depths:2 | Reached skill level 15 in Conjurations
 75609 | Depths:2 | Found Peraxzim's Armour Emporium.
 75626 | Depths:2 | Lost mutation: You expend magic power (3 MP) to strengthen
                  | your wands. [you]
 75669 | Depths:2 | Bought a +1 pair of boots of flying for 247 gold pieces
 76215 | Depths:3 | Gained mutation: Your spells are a little easier to cast,
                  | but a little less powerful. [you]
 76345 | Depths:3 | Acquired 522 gold pieces
 76426 | Depths:3 | Identified the orb "Zetote" {light, Tloc}
 76426 | Depths:3 | Noticed Frederick
 76442 | Depths:3 | Noticed Grunn
 76450 | Depths:2 | Killed Frederick
 76716 | Depths:3 | Found the +6 shillelagh "Devastator" {shatter}
 76917 | Depths:3 | Killed Grunn
 77071 | Depths:4 | Entered Level 4 of the Depths
 77163 | Depths:4 | Gained mutation: When low on magic, you restore magic in
                  | place of health. [demonic ancestry]
 77163 | Depths:4 | Reached XP level 24. HP: 118/180 MP: 32/44
 77163 | Depths:4 | Gained mutation: Your magical capacity is low. (-10% MP)
                  | [you]
 77245 | Depths:4 | Found a gate to the Realm of Zot.
 77332 | Depths:4 | Gained mutation: Your spells are easier to cast, but less
                  | powerful. [you]
 78527 | Elf:1    | Killed Zenata
 79159 | Tomb:1   | Entered Level 1 of the Tomb of the Ancients
 79297 | Tomb:1   | Paralysed by a sphinx for 3 turns
 79301 | Tomb:1   | Gained mutation: Armour fits poorly on your strangely
                  | shaped body. [you]
 79934 | Tomb:1   | Noticed a royal mummy
 79947 | Tomb:1   | Killed a royal mummy
 79965 | Tomb:1   | Gained mutation: You sometimes lose your temper in combat.
                  | [you]
 80018 | Tomb:1   | Noticed a royal mummy
 80027 | Tomb:1   | Killed a royal mummy
 80362 | Tomb:1   | Learned a level 9 spell: Fire Storm
 80964 | Depths:1 | Learned a level 5 spell: Lee's Rapid Deconstruction
 80972 | Depths:1 | Learned a level 7 spell: Spellforged Servitor
 80974 | Zig:1    | Entered Level 1 of a ziggurat
 80989 | Zig:2    | Entered Level 2 of a ziggurat
 80999 | Zig:2    | Reached skill level 1 in Summonings
 81015 | Zig:3    | Entered Level 3 of a ziggurat
 81138 | Zig:4    | Entered Level 4 of a ziggurat
 81158 | Zig:5    | Entered Level 5 of a ziggurat
 81162 | Zig:5    | Found the amulet of the Four Winds {rN+ Will+++ Clar}
 81170 | Zig:5    | Got Othup's Papyrus of the Mortuary and Fascination
 81173 | Zig:5    | Identified the +2 mace of Futzugovib {freeze, Fly Will-
                  | Int+4}
 81182 | Zig:6    | Entered Level 6 of a ziggurat
 81193 | Zig:6    | Gained mutation: You have an uncontrollable temper. [you]
 81214 | Zig:6    | Identified the amulet "Pigicadi" {Faith ^Fragile rPois
                  | Str+7 Dex-2}
 81234 | Zig:7    | Entered Level 7 of a ziggurat
 81261 | Zig:7    | Got the Omnibus of Dislocated Causimancy
 81274 | Zig:8    | Entered Level 8 of a ziggurat
 81283 | Zig:8    | Found the +2 shield of Resistance {rF++ rC++ Will++}
 81283 | Zig:8    | Found the ring of the Hare {EV+10}
 81330 | Zig:9    | Entered Level 9 of a ziggurat
 81338 | Zig:9    | Noticed a royal mummy
 81339 | Zig:9    | Noticed a royal mummy
 81345 | Zig:9    | Killed a royal mummy
 81347 | Zig:9    | Killed a royal mummy
 81373 | Zig:9    | Identified the amulet "Lotwo" {RegenMP Str-5 Slay+3 Stlth+}
 81376 | Zig:9    | Identified the staff "Saargh" {rN+ Conj}
 81378 | Zig:9    | Identified the amulet "Zangip" {RegenMP Int+3}
 81380 | Zig:9    | Got Zitadgh's Vellum of the Congregation
 81395 | Zig:9    | Gained mutation: Your presence sometimes corrodes or
                  | deforms those you injure. [demonic ancestry]
 81395 | Zig:9    | Reached XP level 25. HP: 204/204 MP: 41/41
 81423 | Zig:10   | Entered Level 10 of a ziggurat
 81433 | Zig:10   | Noticed a royal mummy
 81434 | Zig:10   | Noticed a royal mummy
 81437 | Zig:10   | Killed a royal mummy
 81447 | Zig:10   | Killed a royal mummy
 81473 | Zig:10   | Identified the +0 plate armour of Qefof {rPois}
 81497 | Zig:10   | Identified the +2 short sword of Infinity {holy, rElec
                  | Will+ Str-2 SInv}
 81527 | Zig:10   | Reached XP level 26. HP: 211/211 MP: 41/41
 81536 | Zig:11   | Entered Level 11 of a ziggurat
 81593 | Zig:11   | Identified the ring "Ephiargh" {Wiz Str+2}
 81643 | Zig:12   | Entered Level 12 of a ziggurat
 81658 | Zig:12   | Gained mutation: You can speak a Word of Chaos. [demonic
                  | ancestry]
 81658 | Zig:12   | Reached XP level 27. HP: 217/217 MP: 41/41
 81669 | Zig:12   | Got the Grimoire of the Violent Oath
 81680 | Zig:12   | Identified the +10 mace "Killer Klown's Curse" {venom, rF-
                  | Will+ Str+5}
 81726 | Zig:13   | Entered Level 13 of a ziggurat
 81754 | Zig:13   | Lost mutation: Your flesh is heat resistant. (rF+) [you]
 81757 | Zig:13   | Reached skill level 1 in Evocations
 81872 | Zig:13   | Got the Tome of Earth
 81875 | Zig:13   | Identified the ring of Neutaty {Fly rPois Str+6 Int+3
                  | Dex-4}
 81880 | Zig:13   | Identified the +0 pair of boots "Poivueh" {^Drain rC+
                  | Dex+7}
 81881 | Zig:13   | Identified the staff of Ebyonk {rN+ Int+2 Necro}
 81884 | Zig:13   | Identified the +6 scale mail of a Gauntlet {Str+4 Int+6}
 81939 | Zig:14   | Entered Level 14 of a ziggurat
 81997 | Zig:14   | Identified the +9 hand axe "Neffadul" {vamp, +Blink rElec
                  | rPois rN++}
 81999 | Zig:14   | Got Sif Muna's Atlas of Weather and the Geologist
 82025 | Depths:1 | Lost mutation: You are very clumsy. (Dex -4) [potion of
                  | mutation]
 82025 | Depths:1 | Lost mutation: You are dopey. (Int -2) [potion of mutation]
 82025 | Depths:1 | Lost mutation: Armour fits poorly on your strangely shaped
                  | body. [potion of mutation]
 82026 | Depths:1 | Lost mutation: You are very weak. (Str -4) [potion of
                  | mutation]
 82026 | Depths:1 | Lost mutation: Your movements are slightly less encumbered
                  | by armour. (ER -2) [potion of mutation]
 82026 | Depths:1 | Lost mutation: You are weak. (Str -2) [potion of mutation]
 82026 | Depths:1 | Gained mutation: You are very clumsy. (Dex -4) [potion of
                  | mutation]
 82026 | Depths:1 | Gained mutation: You have sharp toenails. [potion of
                  | mutation]
 82026 | Depths:1 | Gained mutation: Your flesh is cold resistant. (rC+)
                  | [potion of mutation]
 82027 | Depths:1 | Lost mutation: You have sharp toenails. [potion of
                  | mutation]
 82027 | Depths:1 | Lost mutation: Your magical capacity is low. (-10% MP)
                  | [potion of mutation]
 82028 | Depths:1 | Lost mutation: Your body often deteriorates upon taking
                  | damage. [potion of mutation]
 82028 | Depths:1 | Lost mutation: Your flesh is cold resistant. (rC+) [potion
                  | of mutation]
 82028 | Depths:1 | Lost mutation: You are very clumsy. (Dex -4) [potion of
                  | mutation]
 82028 | Depths:1 | Gained mutation: You are very clumsy. (Dex -4) [potion of
                  | mutation]
 82029 | Depths:1 | Lost mutation: Your body sometimes deteriorates upon taking
                  | damage. [potion of mutation]
 82029 | Depths:1 | Lost mutation: You have an uncontrollable temper. [potion
                  | of mutation]
 82029 | Depths:1 | Lost mutation: You sometimes lose your temper in combat.
                  | [potion of mutation]
 82029 | Depths:1 | Gained mutation: You are strong-willed. (Will+) [potion of
                  | mutation]
 82029 | Depths:1 | Lost mutation: You are strong-willed. (Will+) [potion of
                  | mutation]
 82029 | Depths:1 | Gained mutation: A frigid envelope surrounds you and
                  | freezes all who hurt you. [potion of mutation]
 82281 | Slime:1  | Entered Level 1 of the Pits of Slime
 82377 | Slime:5  | Entered Level 5 of the Pits of Slime
 82883 | Slime:5  | Noticed the Royal Jelly
 82890 | Slime:5  | Killed the Royal Jelly
 82946 | Slime:5  | Identified the +4 scale mail "Beryrph" {Str+2}
 82976 | Slime:5  | Identified the +6 chain mail "Apesekha" {rN+ Will- SInv}
 82989 | Slime:5  | Got Odaaco's Parchment of Ghastly Incineration
 82992 | Slime:5  | Identified the +2 mace of Agony {freeze, rN+ Str+4 Int+3
                  | Stlth-}
 83006 | Slime:5  | Identified the +8 sling "Quirost" {freeze, rCorr}
 83007 | Slime:5  | Found the +7 lajatang of Order {silver, rMut}
 83074 | Slime:5  | Got a slimy rune of Zot
 83076 | Slime:5  | Identified the staff "Leviticus" {rElec rPois Air}
 83147 | Slime:5  | Gained mutation: You occasionally shout uncontrollably at
                  | your foes. [you]
 83349 | Slime:4  | Gained mutation: You are dopey. (Int -2) [a shining eye]
 83557 | D:13     | You paid a toll of +3 ice dragon scales to enter a treasure
                  | trove
 83558 | Trove    | Entered a treasure trove
 83572 | Trove    | Got Sif Muna's Vellum of the Inferno and Electrocution
 83590 | Trove    | Got Sif Muna's Verses on Hoarfrost and Geometry
 83771 | Pan      | Entered Pandemonium
 83945 | Pan      | Entered the realm of Cerebov.
 83984 | Pan      | Noticed Ignacio
 83998 | Pan      | Killed Ignacio
 84896 | Pan      | Identified the +1 pair of gloves of Hootipno {rPois rC++}
 84963 | Pan      | Gained mutation: Your health recovers twice as slowly from
                  | being drained. [you]
 85297 | Pan      | Reached skill level 5 in Evocations
 85498 | Pan      | Found the +6 sword of Cerebov {flame}
 85498 | Pan      | Noticed Cerebov
 85550 | Pan      | Killed Cerebov
 85582 | Pan      | Got a fiery rune of Zot
 85734 | Pan      | Identified the staff of the Blue God {rC+ Dex+2 SInv Earth}
 85736 | Pan      | Identified the +10 shortbow of Uncertain Death {elec, rN++}
 85985 | Pan      | Identified the ring "Qeneni Soak" {rCorr Str-4 Int+4}
 85990 | Pan      | Identified the +9 great sword of Fundamental Breach
                  | {freeze, Dex+3}
 85995 | Pan      | Identified the +5 orcbow "Huety" {flame, rPois rC+ Str+2}
 86013 | Pan      | Identified the +9 giant spiked club "Seaz" {antimagic,
                  | rElec}
 86115 | Pan      | Entered the realm of Lom Lobon.
 86271 | Pan      | Lost mutation: You occasionally shout uncontrollably at
                  | your foes. [you]
 86279 | Pan      | Identified the ring of Kindness {rF+ rC+ MP+9}
 86780 | Pan      | Reached skill level 5 in Long Blades
 86895 | Pan      | Noticed Lom Lobon
 86919 | Pan      | Killed Lom Lobon
 86948 | Pan      | Got a magical rune of Zot
 87463 | Pan      | Gained mutation: You occasionally lose the ability to read
                  | scrolls when taking damage. [you]
 87879 | Pan      | Found a runed translucent door.
 87906 | Pan      | Gained mutation: You are frail. (-10% HP) [you]
 88089 | Pan      | Gained mutation: You sometimes lose your temper in combat.
                  | [you]
 88219 | Pan      | Found an exit through the horrors of the Abyss.
 88593 | Pan      | Noticed Lechiwan the pandemonium lord
 88601 | Pan      | Killed Lechiwan the pandemonium lord
 88841 | Pan      | Reached skill level 10 in Long Blades
 88926 | Pan      | Took an exit into the Abyss.
 88926 | Abyss:2  | Escaped into the Abyss
 89336 | Abyss:2  | Found a corrupted altar of Lugonu.
 89344 | Abyss:2  | Noticed an ancient lich
 89382 | Abyss:2  | Found a corrupted altar of Lugonu.
 89534 | Abyss:2  | Found a corrupted altar of Lugonu.
 89657 | Depths:2 | Escaped the Abyss
 89839 | Zot:1    | Entered Level 1 of the Realm of Zot
 90767 | Zot:1    | Learned a level 6 spell: Death Channel
 90908 | Zot:2    | Learned a level 6 spell: Starburst
 92143 | Zot:2    | Acquired 926 gold pieces
 92627 | Zot:3    | Reached skill level 15 in Long Blades
 93721 | Zot:3    | Upgraded the game from 0.32-a0-18-g89e19f1974 to
                  | 0.32-a0-22-g6ae6769602
 94998 | Zot:4    | Noticed an orb of fire
 95014 | Zot:4    | Gained mutation: Armour fits poorly on your strangely
                  | shaped body. [an orb of fire]
 95026 | Zot:4    | Gained mutation: You are vulnerable to heat. (rF-) [an orb
                  | of fire]
 95031 | Zot:4    | Killed an orb of fire
 95188 | Zot:4    | Lost mutation: Your spells are easier to cast, but less
                  | powerful. [potion of mutation]
 95188 | Zot:4    | Lost mutation: You are very clumsy. (Dex -4) [potion of
                  | mutation]
 95188 | Zot:4    | Lost mutation: Armour fits poorly on your strangely shaped
                  | body. [potion of mutation]
 95188 | Zot:4    | Gained mutation: Your muscles are strong. (Str +4, Int/Dex
                  | -1) [potion of mutation]
 95189 | Zot:4    | Lost mutation: You are vulnerable to heat. (rF-) [potion of
                  | mutation]
 95189 | Zot:4    | Lost mutation: Your health recovers twice as slowly from
                  | being drained. [potion of mutation]
 95189 | Zot:4    | Lost mutation: You are dopey. (Int -2) [potion of mutation]
 95189 | Zot:4    | Lost mutation: Your muscles are strong. (Str +4, Int/Dex
                  | -1) [potion of mutation]
 95189 | Zot:4    | Gained mutation: Your mind is acute. (Int +4, Str/Dex -1)
                  | [potion of mutation]
 95190 | Zot:4    | Lost mutation: You occasionally lose the ability to read
                  | scrolls when taking damage. [potion of mutation]
 95190 | Zot:4    | Lost mutation: You are frail. (-10% HP) [potion of
                  | mutation]
 95190 | Zot:4    | Gained mutation: You have sharp toenails. [potion of
                  | mutation]
 95190 | Zot:4    | Gained mutation: Potions are less effective at restoring
                  | your health. [potion of mutation]
 95190 | Zot:4    | Gained mutation: Your mind is very acute. (Int +8, Str/Dex
                  | -2) [potion of mutation]
 95190 | Zot:4    | Gained mutation: Your muscles are strong. (Str +4, Int/Dex
                  | -1) [potion of mutation]
 95250 | Zot:5    | Entered Level 5 of the Realm of Zot
 95262 | Zot:5    | Gained mutation: Your health recovers twice as slowly from
                  | being drained. [you]
 95773 | Zot:5    | Noticed an orb of fire
 95774 | Zot:5    | Noticed an orb of fire
 95778 | Zot:5    | Noticed a dread lich
 95779 | Zot:5    | Noticed an orb of fire
 95794 | Zot:4    | Killed an orb of fire
 95826 | Zot:5    | Gained mutation: Your spells are easier to cast, but less
                  | powerful. [an orb of fire]
 95830 | Zot:5    | Killed an orb of fire
 95834 | Zot:5    | Noticed a dread lich
 95836 | Zot:5    | Killed an orb of fire
 95842 | Zot:5    | Killed a dread lich
 95868 | Zot:5    | Noticed a dread lich
 95876 | Zot:5    | Killed a dread lich
 95877 | Zot:5    | Noticed an ancient lich
 95883 | Zot:5    | Killed an ancient lich
 95944 | Zot:5    | Noticed an ancient lich
 95954 | Zot:5    | Killed an ancient lich
 96017 | Zot:5    | Noticed a dread lich
 96020 | Zot:5    | Killed a dread lich
 96033 | Zot:5    | Noticed an ancient lich
 96036 | Zot:5    | Killed an ancient lich
 97236 | Zot:5    | Killed a dread lich
 98707 | Zot:5    | Got the Orb of Zot
 98811 | Zot:2    | Gained mutation: Your magical capacity is low. (-10% MP)
                  | [you]
 99141 | D:10     | Noticed Yhylaed the pandemonium lord
 99235 | D:7      | Noticed Yvedghal the pandemonium lord
 99407 | D:$      | Escaped with the Orb!

Illustrated notes

Levels and vault maps discovered:
D:1:      dpeg_arrival_caged_fury, layout_loops_ring,
          dreamdust_ecumenical_altar_drowned_temple
D:2:      layout_loops_cross, serial_aquarium, aquarium_bridge_straight
          [aquarium_subvault_bridge, aquarium_subvault_wall,
          aquarium_subvault_bridge, aquarium_subvault_window],
          aquarium_window_fake, aquarium_window_2, aquarium_window_fake,
          aquarium_view_2d, aquarium_view_2g, aquarium_balcony_1a,
          aquarium_pool_five
D:3:      layout_basic, uniq_grinder
D:4:      layout_basic, trog_ov_bears_minmay, tso_oasis_becter, temple_fountains
D:5:      layout_loops_cross, jmf_multi_god_temple2, gammafunk_ghost_necromancy,
          guppyfry_early_lair_pool
D:6:      layout_loops_corners, portal_sewer_entry_b, gammafunk_ghost_cemetery,
          minmay_manual_mullet, uniq_sigmund
D:7:      layout_gridville, grunt_ministairs_5
D:8:      layout_basic
D:9:      layout_basic, lightli_temple_of_fire, serial_shops, shop
D:10:     layout_cross, erik_lair_orcish_takeover, david_orc_4
D:11:     layout_cave_pools, nicolae_dithmenos_shadow_blocks
D:12:     kennysheep_treasure_stockpile, layout_irregular_city,
          portal_ice_cave_entry_imps, okawaru_ov_weapons_minmay, uniq_maurice
D:13:     layout_roguey, enter_trove_1, hangedman_feature_mirror, uniq_kirke
D:14:     layout_roguey, hellmonk_vaults_order_and_chaos,
          chequers_serial_rivers_micro_c, uniq_louise
D:15:     gammafunk_enter_depths_forms, layout_loops_cross,
          ebering_ghost_reflecting_pool, serial_park_tiny_1,
          hellmonk_guarded_unrand_salamander, uniq_josephine, uniq_agnes
Temple:   minmay_crystal_spiral_temple
Lair:1:   layout_misc_corridors, basic_altar
Lair:2:   layout_regular_city, nicolae_swamp_entry_splash_gauntlet,
          minmay_lair_oklob_bushes, serial_bayou_shore_a, lemuel_fruit_tree,
          grunt_megastairs_1
Lair:3:   layout_gridlike, spider_nest_entry_funnel_web
Lair:4:   layout_hall_layers, slime_entry_1, infiniplex_staircase_pool
Lair:5:   hellmonk_lair_end_abyssal_woods, layout_gridlike,
          serial_bayou_lagoon_a
Swamp:1:  layout_basic_swamp, basic_altar
Swamp:2:  layout_basic_swamp, nicolae_swamp_triple_paths
Swamp:3:  layout_basic_swamp, gammafunk_ghost_wrathful_warriors,
          evilmike_swamp_ruin_house_3, swamp_pool_4, uniq_mara
Swamp:4:  swamp_alternative, layout_basic_swamp
Spider:1: layout_spider_delve
Spider:2: layout_cave_pods, nicolae_spider_not_touching_you
Spider:3: nicolae_spider_brood_tunnel, uniq_mlioglotl
Spider:4: spider_rune_water, beargit_elvish_explorers
Slime:1:  layout_caves, basic_altar
Slime:2:  layout_caves
Slime:3:  layout_caves, nicolae_slime_rock_hall_of_fame
Slime:4:  layout_caves
Slime:5:  slime_pit_nicolae_amoeboid
Orc:1:    layout_caves, basic_altar
Orc:2:    st_orc_mages, layout_diamond_mine, bh_open_orc_temple, uniq_sonja
Elf:1:    nicolae_elf_arrival_aired_out, layout_gridlike, minmay_elf_sorcery,
          minmay_shop_grid_forest, nicolae_shop_sticking_my_neck_out,
          uniq_zenata
Elf:2:    nicolae_elf_blades_crystal_corner, layout_geoelf_octagon,
          serial_shops, nicolae_square_shop, minmay_misc_feat_rows, uniq_roxanne
Elf:3:    minmay_elf_hall_four_x, layout_loops_corners, serial_shops,
          nicolae_shop_competitors_out_of_business, basic_altar,
          kilobyte_mutagenic_chamber
Vaults:1: vaults_room_grunt_arrival_ludios, hangedman_vaults_stitches,
          vaults_room_large_hall, nicolae_vaults_network_barrier,
          hangedman_vaults_locks, ontoclasm_vaults_ring_large,
          nicolae_vaults_border_crossing, v_rooms_5,
          ontoclasm_vaults_ring_small, hangedman_vaults_corner_blocks,
          nicolae_vaults_tetromino_L_1, nicolae_vaults_little_ls,
          nicolae_vaults_circle_grid_a, layout_vaults_omnibox, serial_shops,
          shop, uniq_aizul
Vaults:2: advil_vaults_ghost_lines, nicolae_vaults_tetromino_Z_2,
          nicolae_vaults_trapezoid_1, vaults_mumra_hexcomb,
          nicolae_vaults_cochlea, nicolae_vaults_shrinking_rooms_2,
          nicolae_vaults_ring_of_whatevers, nicolae_vaults_sesquioval_fish,
          minmay_crypt_entry_simple_walls, nicolae_vaults_sealed_display,
          layout_vaults_maze_bifur, uniq_jory, uniq_asterion
Vaults:3: nicolae_vaults_offset_grid_hallway_4, vaults_mumra_lcd,
          v_alt_pattern_5, gargoyle_guard, nicolae_vaults_apartment_1,
          vaults_room_fancy_cross, v_misc_25, nicolae_vaults_house_1,
          vaults_dpeg_encased_lava, layout_vaults_omnigrid
Vaults:4: ebering_ghost_rock_garden, nicolae_vaults_asterisk,
          nicolae_vaults_diamond_2, v_pattern_1,
          nicolae_vaults_storage_closets_1, nicolae_vaults_security_offices_6,
          nicolae_vaults_little_squares_4, nicolae_vaults_wine_cellar,
          vaults_room_hallway, grunt_vaults_bifocal, v_misc_10,
          nicolae_vaults_trapezoid_lopsided_1, grunt_vaults_hallway_short,
          layout_vaults_big_room
Vaults:5: serial_shops, uniq_saint_roka
Crypt:1:  layout_basic, grunt_crypt_arrival_split
Crypt:2:  layout_rooms, grunt_megastairs_5
Crypt:3:  quadcrypt_mu, uniq_mennas
Tomb:1
Depths:1: layout_cave_pools, enter_ziggurat_e, grunt_hell_entry_dis_grunt,
          eat_drink_and_be_merry_uskayaw
Depths:2: minmay_strange_plus, layout_twisted_cross, serial_rivers,
          chequers_serial_rivers_micro_e, chequers_serial_rivers_room_a,
          chequers_serial_rivers_small_a, chequers_serial_rivers_micro_e,
          chequers_serial_rivers_large_a, chequers_serial_rivers_micro_d,
          rand_demon_pan_entry_7, hangedman_coc_ice_floe,
          hangedman_abyss_or_decor_passed, serial_shops,
          nicolae_shop_tiny_waterfront, nicolae_lakefront_shop,
          kennysheep_little_box, serial_bayou_shore_b, uniq_norris
Depths:3: minmay_roctagon, layout_basic, pf_hell_entry_great_geh, abyss_entry,
          minmay_staircase_windowed_small, uniq_frederick, uniq_grunn
Depths:4: grunt_zot_entry_funnels, layout_basic, grunt_pan_entry_in_and_out,
          hell_entry
Zot:1:    layout_gridlike, hangedman_zot_decor_tridents,
          regret_index_zotdec_carving_tricks
Zot:2:    kennysheep_room_grid, layout_gridlike, grunt_megastairs_2
Zot:3:    regret_index_zot_pan_timeshare, layout_concentric_octagons,
          regret_index_zotdec_gossamer_parallel
Zot:4:    layout_twisted_circle
Zot:5:    layout_twisted_circle

Skill      XL: |  1  2  3  4  5  6  7  8  9 10 11 12 13 14 15 16 17 18 19 20 21 22 23 24 25 26 27 |
---------------+----------------------------------------------------------------------------------+-----
Fire Magic     | 3 4 5 6 8 11 14 17 20 21 | 21.5
Conjurations   | 2 3 4 5 7 10 12 16 19 20 22 | 22.7
Spellcasting   | 3 4 5 6 8 9 10 11 12 13 14 16 17 18 19 | 19.0
Alchemy        | 4 5 6 7 |  7.3
Dodging        | 4 5 7 8 9 10 12 13 15 | 15.7
Fighting       | 4 5 7 8 9 10 12 14 16 18 22 | 22.0
Hexes          | 2 6 7 |  7.4
Long Blades    | 2 20 | 20.0
Invocations    | 6 8 12 15 18 | 18.0
Armour         | 3 4 6 |  6.0
Earth Magic    | 2 7 |  7.0
Necromancy     | 3 |  3.0
Summonings     | 3 |  3.0
Evocations     | 6 |  6.0
Stealth        | |  1.7

Action                     |  1- 3 |  4- 6 |  7- 9 | 10-12 | 13-15 | 16-18 | 19-21 | 22-24 | 25-27 || total
---------------------------+-------+-------+-------+-------+-------+-------+-------+-------+-------++-------
  Melee: Dagger            |    10 |     3 |     2 |    78 |   158 |   129 |   251 |   343 |   356 ||  1330
         Touch             |       |       |       |     1 |       |       |       |       |       ||     1
         Flamberge         |       |       |       |       |       |       |       |       |   243 ||   243
  Throw: Dart              |       |       |       |     1 |     1 |     1 |     1 |       |       ||     4
   Cast: Foxfire           |    95 |    99 |   330 |   833 |   837 |   708 |   486 |   849 |   363 ||  4600
         Scorch            |     5 |    12 |    30 |    52 |   131 |    66 |       |       |       ||   296
         Flame Wave        |       |       |     9 |    21 |    31 |    44 |     4 |     2 |       ||   111
         Mephitic Cloud    |       |       |       |    28 |    57 |    13 |    44 |     7 |       ||   149
         Yara's Violent Un |       |       |       |    21 |   116 |    78 |    78 |    86 |    40 ||   419
         Irradiate         |       |       |       |    13 |    36 |    57 |    29 |    66 |    48 ||   249
         Dazzling Flash    |       |       |       |    17 |    41 |    35 |    40 |    31 |    37 ||   201
         Cause Fear        |       |       |       |     3 |     5 |     3 |     3 |     3 |       ||    17
         Volatile Blastmot |       |       |       |     1 |     2 |       |       |       |       ||     3
         Inner Flame       |       |       |       |       |    59 |    46 |    14 |     2 |       ||   121
         Olgreb's Toxic Ra |       |       |       |       |     8 |    61 |    59 |    24 |    14 ||   166
         Ignition          |       |       |       |       |       |    40 |   126 |   160 |    95 ||   421
         Bombard           |       |       |       |       |       |       |    68 |   157 |   129 ||   354
         Borgnjor's Vile C |       |       |       |       |       |       |     6 |    29 |    63 ||    98
         Spellforged Servi |       |       |       |       |       |       |       |     4 |    69 ||    73
         Fire Storm        |       |       |       |       |       |       |       |       |   190 ||   190
         Starburst         |       |       |       |       |       |       |       |       |    17 ||    17
         Lee's Rapid Decon |       |       |       |       |       |       |       |       |     3 ||     3
 Invoke: Lesser Servant of |       |       |       |     1 |    48 |    20 |    25 |     4 |       ||    98
         Major Destruction |       |       |       |       |       |       |     4 |       |       ||     4
         Greater Servant o |       |       |       |       |       |       |     4 |    23 |     8 ||    35
Ability: Evoke Blink       |       |       |       |       |       |       |       |     1 |     6 ||     7
         Word of Chaos     |       |       |       |       |       |       |       |       |     2 ||     2
  Evoke: Wand              |       |       |       |    14 |    18 |    18 |    20 |    16 |    26 ||   112
         Lightning rod     |       |       |       |       |       |     2 |       |     3 |       ||     5
         Box of beasts     |       |       |       |       |       |       |     1 |     2 |       ||     3
         Phantom mirror    |       |       |       |       |       |       |       |     2 |       ||     2
    Use: Scroll            |     2 |     1 |     8 |    14 |    10 |    14 |    15 |    12 |    22 ||    98
         Potion            |       |     1 |       |     7 |     4 |     5 |    10 |    16 |    31 ||    74
   Stab: Invisible         |       |       |       |    13 |    14 |    11 |    16 |    12 |    32 ||    98
         Confused          |       |       |       |     2 |    13 |     4 |     9 |     3 |       ||    31
         Distracted        |       |       |       |     1 |     4 |     2 |     2 |     1 |     7 ||    17
         Sleeping          |       |       |       |       |       |       |     4 |     4 |     2 ||    10
 Armour: Robe              |    18 |    19 |    28 |   115 |   284 |       |       |       |       ||   464
         Leather armour    |       |       |       |       |     3 |   280 |   254 |   421 |   511 ||  1469
         Skin              |       |       |       |       |       |       |       |    71 |    21 ||    92
  Dodge: Dodged            |    16 |    10 |    36 |   145 |   366 |   325 |   318 |   655 |   996 ||  2867

Table legend: (Time is in decaauts)
 A = Elapsed time spent in this place.
 B = Non-inter-level travel time spent in this place.
 C = Inter-level travel time spent in this place.
 D = Time resting spent in this place.
 E = Time spent auto-exploring this place.
 F = Levels seen in this place.
 G = Mean time per level.
                   A        B        C        D        E       F      G
               +--------+--------+--------+--------+--------+-----+--------+
         Total |  99790 |  91446 |   8344 |  20321 |  46011 |  80 | 1247.4 |
       Dungeon |  25022 |  21317 |   3705 |   3312 |  12917 |  15 | 1668.1 |
        Temple |      1 |      1 |      0 |      0 |      0 |   1 |    1.0 |
          Lair |   9401 |   8563 |    838 |   2508 |   3927 |   5 | 1880.2 |
         Swamp |   6900 |   6558 |    342 |   3019 |   2577 |   4 | 1725.0 |
   Spider Nest |   6139 |   5906 |    233 |    511 |   4101 |   4 | 1534.8 |
    Slime Pits |   1094 |   1012 |     82 |    118 |    311 |   5 |  218.8 |
  Orcish Mines |   4673 |   4175 |    498 |   2408 |    894 |   2 | 2336.5 |
   Elven Halls |   6143 |   5782 |    361 |   1302 |   2915 |   3 | 2047.7 |
        Vaults |  12006 |  10857 |   1149 |   1949 |   5731 |   5 | 2401.2 |
         Crypt |   4707 |   4184 |    523 |    470 |   2165 |   3 | 1569.0 |
          Tomb |   1423 |   1358 |     65 |     77 |    491 |   1 | 1423.0 |
        Depths |   4685 |   4414 |    271 |    263 |   2704 |   4 | 1171.2 |
           Zot |   9041 |   8768 |    273 |   3486 |   3451 |   5 | 1808.2 |
         Abyss |    721 |    721 |      0 |      0 |    229 |   2 |  360.5 |
   Pandemonium |   5111 |   5111 |      0 |    383 |   2700 |   4 | 1277.8 |
      Ziggurat |   1042 |   1042 |      0 |    167 |    179 |  14 |   74.4 |
         Trove |     86 |     86 |      0 |      0 |     56 |   1 |   86.0 |
         Sewer |    409 |    409 |      0 |      5 |    266 |   1 |  409.0 |
      Ice Cave |   1176 |   1176 |      0 |    340 |    394 |   1 | 1176.0 |
               +--------+--------+--------+--------+--------+-----+--------+

Top non-repeatable levels by time:
   Orc:2: 3680 daAuts
   Zot:5: 3460 daAuts
Vaults:5: 2929 daAuts
    D:15: 2924 daAuts
Vaults:1: 2878 daAuts
 Swamp:4: 2769 daAuts
   Elf:3: 2720 daAuts
Vaults:3: 2549 daAuts
    D:12: 2489 daAuts
  Lair:5: 2473 daAuts
  Lair:2: 2467 daAuts
 Crypt:3: 2339 daAuts
     D:1: 2266 daAuts
   Zot:2: 2108 daAuts
Vaults:2: 2063 daAuts
